 Dungeon Crawl Stone Soup version 0.27.1-34-g3ba077fa99 (webtiles) character file.

Game seed: 4672744303844309561

2017 comborobin the Covert (level 9, 0/69 HPs)
             Began as a Vampire Delver on Jan 6, 2022.
             Was a Priest of Cheibriados.
             Slain by Menkaure (21 damage)
             ... on level 7 of the Dungeon.
             The game lasted 00:07:31 (5663 turns).

comborobin the Covert (Vampire Delver)              Turns: 5663, Time: 00:07:31

Health: 0/69       AC:  6    Str: 20    XL:     9   Next: 3%
Magic:  9/9        EV: 16    Int: 18    God:    Cheibriados [***...]
Gold:   274        SH:  5    Dex: 22    Spells: 8/8 levels left

rFire    . . .     SeeInvis +   a - +3 dagger (drain)
rCold    . . .     Faith    .   u - +0 buckler
rNeg     . . .     Spirit   .   o - +0 leather armour
rPois    +         Reflect  .   (no helmet)
rElec    .         Harm     .   B - +0 cloak
rCorr    .         Rampage  .   (no gloves)
Will     .....                  t - +1 pair of boots
Stlth    +++++.....             (no amulet)
HPRegen  0.41/turn              h - ring of poison resistance
MPRegen  0.11/turn              l - +4 ring of slaying

@: healing quickly, very slow
A: alive, fangs 3, see invisible, vampiric 2
a: Exsanguinate, Renounce Religion, Bend Time, Temporal Distortion


You were on level 7 of the Dungeon.
You worshipped Cheibriados.
Cheibriados was most pleased with you.
You visited 2 branches of the dungeon, and saw 7 of its levels.

You collected 274 gold pieces.

Inventory:

Hand Weapons
 a - a +3 dagger of draining (weapon)
 b - a +0 dagger
 x - a +1 short sword
Armour
 o - a +0 leather armour (worn)
 t - a +1 pair of boots (worn)
 u - a +0 buckler (worn)
 w - a +0 ring mail
 B - a +0 cloak (worn)
Magical Staves
 n - a staff of fire
Jewellery
 f - the amulet of Efowadae {Spirit Rampage rN+ Will+}
   (You found it on level 4 of the Dungeon)

   [amulet of guardian spirit]

   It causes incoming damage to be divided between your reserves of health and
   magic.
   rN:        It protects you from negative energy.
   Rampage:   It bestows one free step when moving towards enemies.
   Will:      It increases your willpower.
   Cheibriados disapproves of the use of such an item.
 h - a ring of poison resistance (left hand)
 i - a ring of resist corrosion
 l - a +4 ring of slaying (right hand)
Wands
 g - a wand of digging (3)
 p - a wand of iceblast (3)
Scrolls
 c - 3 scrolls of fog
 d - 2 scrolls of noise
 e - 2 scrolls of fear
 k - a scroll of identify
 m - 3 scrolls of teleportation
 q - a scroll of enchant weapon
 v - 2 scrolls of immolation
 y - a scroll of amnesia {unknown}
Potions
 j - 3 potions of curing {unknown}
 r - 2 potions of attraction {unknown}
 s - a potion of magic {unknown}
 z - a potion of invisibility {unknown}
 A - a potion of mutation {unknown}


   Skills:
 + Level 6.1 Fighting
 - Level 6.2 Short Blades
 + Level 6.8 Dodging
 - Level 11.2 Stealth
 - Level 2.0 Shields


You had 8 spell levels left.
You didn't know any spells.
Your spell library contained the following spells:

 Spells                   Type           Power      Damage    Failure   Level
 Animate Skeleton         Necr           0%         N/A       32%         1
 Pain                     Necr           0%         1d4       32%         1
 Passwall                 Tmut/Erth      0%         N/A       45%         2
 Gell's Gravitas          Tloc           0%         N/A       69%         3
 Lesser Beckoning         Tloc           0%         N/A       69%         3
 Swiftness                Air            0%         N/A       69%         3
 Teleport Other           Tloc           0%         N/A       69%         3
 Vampiric Draining        Necr           0%         2d6       69%         3
 Invisibility             Hex            0%         N/A       100%        6


Dungeon Overview and Level Annotations

Branches:
Dungeon (7/15)             Temple (1/1) D:4

Altars:
Ashenzari
Cheibriados
Fedhas
Kikubaaqudgha
Makhleb
Nemelex Xobeh
Qazlal
Sif Muna
Trog
Uskayaw
Vehumet
Xom
Yredelemnul
Zin

Shops:
D:3 (

Annotations:
D:4 2 transporters
D:7 Menkaure


Innate Abilities, Weirdness & Mutations

Your natural rate of healing is accelerated.
You have razor-sharp teeth.
You have supernaturally acute eyesight. (SInv)
You are afflicted with vampirism and can become a bat while bloodless.


Message History

Your Fighting skill increases to level 6!
You have reached level 9!
Your experience leads to an increase in your attributes!
Your base attributes are Str 13, Int 12, Dex 16.
Increase (S)trength, (I)ntelligence, or (D)exterity?
You feel stronger. The howler monkey skeleton hits you.
You barely miss the howler monkey skeleton.
You block the howler monkey skeleton's attack.
You puncture the howler monkey skeleton!
You bite the howler monkey skeleton.
The howler monkey skeleton is moderately damaged.
Menkaure, Prince of Dust comes into view.
The howler monkey skeleton misses you.
You puncture the howler monkey skeleton!
The howler monkey skeleton is almost destroyed.
The howler monkey skeleton hits you.
You puncture the howler monkey skeleton!
You destroy the howler monkey skeleton!
Cheibriados appreciates the change of pace.
You block Menkaure's attack.
You barely miss Menkaure. You bite Menkaure.
Menkaure is moderately damaged.
You hit Menkaure.
Menkaure is heavily damaged.
Menkaure mumbles some strange words.
Menkaure seems to speed up.
A kobold comes into view. It is wielding a +0 dagger.
You hit Menkaure. You bite Menkaure, but do no damage.
Menkaure is severely damaged.
Menkaure barely misses you.
You hit Menkaure but do no damage. You bite Menkaure.
Menkaure is severely damaged.
Menkaure calls on the powers of darkness!
Your body is wracked with pain!
* * * LOW HITPOINT WARNING * * *
You hit Menkaure.
Menkaure is almost destroyed.
Menkaure hits you!!
You die...

.$...#.###.#..#.# # #
...#.########## # ..
#.#..# #.# # #..
####....## ##.## ##
..#.###..§.##..# #...# #.
.#....#$##.###.###.#.###.
............##..#..#..#..
........K#†..##...###...#
......##@#.####...# #...#
####. #M#.# ##.## ##.## #
..... ### ### ....##
...... ###..>.. ......
.......


You could see Menkaure (fast) and a kobold.

Vanquished Creatures
  A kobold demonologist (D:5)
  Sigmund (D:3)
  A steam dragon (D:7)
  A black bear (D:5)
  A sky beast (D:6)
  An ice beast (D:5)
  An ogre (D:6)
  A centaur (D:5)
  2 phantoms (D:5)
  A kobold brigand (D:6)
  A bullfrog (D:6)
  3 scorpions
  A howler monkey (D:6)
  A jelly (D:6)
  A bullfrog zombie (D:5)
  A hound (D:4)
  An orc priest (D:3)
  Crazy Yiuf (D:7)
  A gnoll shaman (D:4)
  Terence (D:3)
  A bullfrog skeleton (D:4)
  Ijyb (D:2)
  An orc wizard (D:5)
  2 iguanas
  A hound skeleton (D:4)
  A howler monkey skeleton (D:7)
  4 gnolls
  5 adders
  2 ufetubi
  A worm (D:3)
  3 dart slugs
  14 orcs
  3 bats
  4 endoplasms
  A giant cockroach (D:2)
  8 goblins
  6 hobgoblins
  3 jackals
  5 kobolds
  3 quokkas
  3 ball pythons
  4 frilled lizards
  3 rats
102 creatures vanquished.

Vanquished Creatures (others)
  6 plants (D:4)
6 creatures vanquished.

Grand Total: 108 creatures vanquished

Notes
Turn   | Place    | Note
-------+----------+-------------------------------------------
     0 | D:5      | comborobin the Vampire Delver began the quest for the Orb.
     0 | D:5      | Reached XP level 1. HP: 17/17 MP: 1/1
   104 | D:5      | Noticed a sky beast
   127 | D:5      | Noticed an ice beast
   198 | D:6      | Noticed a bullfrog
   198 | D:6      | Noticed a jelly
   201 | D:6      | Killed a bullfrog
   202 | D:6      | Reached XP level 2. HP: 23/23 MP: 2/2
   202 | D:6      | Gained mutation: You are afflicted with vampirism and can
                  | become a bat while bloodless. [Vampire growth]
   202 | D:6      | Reached XP level 3. HP: 28/28 MP: 3/3
   212 | D:6      | Reached skill level 5 in Short Blades
   212 | D:6      | Reached XP level 4. HP: 34/34 MP: 4/4
   212 | D:6      | Noticed an ogre
   406 | D:4      | Found a staircase to the Ecumenical Temple.
   412 | D:4      | Reached XP level 5. HP: 39/39 MP: 5/5
   416 | Temple   | Entered the Ecumenical Temple
   538 | Temple   | Became a worshipper of Cheibriados the Contemplative
   682 | D:4      | Identified the amulet of Efowadae {Spirit Rampage rN+
                  | Will+}
   853 | D:4      | Found a broken altar of Ashenzari.
   856 | D:4      | Found a sparkling altar of Nemelex Xobeh.
   859 | D:4      | Found an ancient bone altar of Kikubaaqudgha.
   871 | D:4      | Found a blossoming altar of Fedhas.
   920 | D:4      | Found a transporter.
   920 | D:4      | Found a transporter.
   942 | D:4      | Identified the +10 spear of Forgiveness {venom, +Rage
                  | Will++}
  1334 | D:4      | Reached XP level 6. HP: 23/47 MP: 6/6
  2058 | D:3      | Noticed Sigmund
  2345 | D:2      | Noticed Ijyb
  2364 | D:2      | Reached skill level 8 in Stealth
  2398 | D:2      | Killed Ijyb
  2399 | D:2      | Reached * piety under Cheibriados
  3285 | D:3      | Killed Sigmund
  3286 | D:3      | Reached XP level 7. HP: 53/53 MP: 7/7
  3399 | D:3      | Found Cyiten's Weapon Shoppe.
  3430 | D:3      | Reached ** piety under Cheibriados
  3772 | D:3      | Noticed Terence
  3795 | D:3      | Killed Terence
  4072 | D:5      | Reached skill level 9 in Stealth
  4233 | D:5      | Reached skill level 5 in Dodging
  4239 | D:5      | Reached XP level 8. HP: 47/61 MP: 8/8
  4247 | D:5      | Reached skill level 10 in Stealth
  4284 | D:5      | Noticed a kobold demonologist
  4301 | D:5      | Noticed an ice devil
  4303 | D:5      | Killed a kobold demonologist
  4304 | D:5      | Reached skill level 5 in Fighting
  4815 | D:6      | Reached skill level 1 in Shields
  4839 | D:6      | Reached skill level 11 in Stealth
  5277 | D:6      | Reached *** piety under Cheibriados
  5534 | D:7      | Found a runed translucent door.
  5535 | D:7      | Noticed Crazy Yiuf
  5574 | D:7      | Killed Crazy Yiuf
  5651 | D:7      | Reached XP level 9. HP: 36/69 MP: 9/9
  5653 | D:7      | Noticed Menkaure
  5663 | D:7      | Slain by Menkaure

Illustrated notes

Levels and vault maps discovered:
D:2:      kennysheep_the_goblin_king, layout_basic, interstate_on_off
D:3:      layout_rooms, serial_shops, nicolae_shop_trees, eino_tiny_chamber,
          roderic_lattice_a, minivault_23, uniq_sigmund, uniq_terence
D:4:      layout_basic, grunt_temple_overflow_cloverleaf,
          minmay_temple_entry_grid, gammafunk_ghost_gnarly_gnolls,
          moated_statue, chequers_serial_rivers_micro_c
D:5:      cheibrodos_barr_body, layout_basic, portal_sewer_entry_b, hex_tiny
D:6:      layout_basic, sigmund_army
D:7:      layout_rooms, serial_curves, eino_curves_01, eino_curves_03,
          eino_curves_04, eino_curves_01, uniq_pikel, uniq_prince_ribbit1,
          uniq_menkaure, uniq_crazy_yiuf_cottage
Temple:   hc_temple_tempest_star

Skill      XL: |  1  2  3  4  5  6  7  8 |
---------------+-------------------------+-----
Short Blades   | 4 5 6 |  6.2
Fighting       | 3 4 6 |  6.1
Dodging        | 3 5 6 |  6.8
Stealth        | 8 9 11 | 11.2
Shields        | 2 |  2.0

Action                   |  1- 3 |  4- 6 |  7- 9 || total
-------------------------+-------+-------+-------++-------
Melee: Short sword       |     2 |   227 |   144 ||   373
       Bite              |     1 |    33 |    43 ||    77
       Dagger            |       |     3 |    55 ||    58
Evoke: Wand              |       |     3 |     1 ||     4
  Use: Potion            |     1 |     4 |       ||     5
       Scroll            |     1 |       |     6 ||     7
 Stab: Sleeping          |     2 |    12 |     2 ||    16
       Distracted        |       |     3 |     1 ||     4
Armor: Leather armour    |       |    49 |    30 ||    79
Dodge: Dodged            |       |   156 |   103 ||   259
Block: Buckler           |       |       |    11 ||    11
